 Dungeon Crawl Stone Soup version 0.29.0-4-gdea44cf6ec (webtiles) character file.

Game seed: 15664085380177315028

186 qw the Chopper (level 5, 0/41 HPs)
             Began as a Ghoul Enchanter on Sept 6, 2022.
             Was an Initiate of Okawaru.
             Slain by an orc
             ... wielding a +0 short sword
              (3 damage)
             ... on level 5 of the Dungeon.
             The game lasted 00:02:12 (6204 turns).

qw the Chopper (Ghoul Enchanter)                    Turns: 6204, Time: 00:02:13

Health: 0/41       AC: 10    Str: 14    XL:     5   Next: 66%
Magic:  6/6        EV:  6    Int: 10    God:    Okawaru [......]
Gold:   232        SH:  0    Dex:  9    Spells: 7/7 levels left

rFire   . . .      SeeInvis .   Y - +0 hand axe
rCold   + . .      Faith    .   (no shield)
rNeg    + + +      Spirit   .   f - +0 chain mail
rPois   inf        Reflect  .   (no helmet)
rElec   .          Harm     .   c - +1 cloak
rCorr   .          Rampage  .   (no gloves)
Will    .....                   (no boots)
Stlth   ..........              (no amulet)
HPRegen 0.00/turn               (no ring)
MPRegen 0.10/turn               (no ring)

@: inhibited regen
A: claws 1, cold resistance 1, negative energy resistance 3, inhibited
regeneration, torment resistance 2, devour on kill
a: Renounce Religion


You were on level 5 of the Dungeon.
You worshipped Okawaru.
Okawaru was noncommittal.
You visited 1 branch of the dungeon, and saw 5 of its levels.

You collected 232 gold pieces.


Innate Abilities, Weirdness & Mutations

You are immune to poison.
You have sharp fingernails.
Your flesh is cold resistant. (rC+)
You are immune to negative energy. (rN+++)
You do not regenerate when monsters are visible.
You are immune to unholy pain and torment.
You thrive by killing the living.


   Skills:
 - Level 2.1 Fighting
 - Level 0.8 Short Blades
 + Level 3.7 Axes
 - Level 1.6 Armour
 - Level 1.7 Dodging
 - Level 3.2 Stealth
 - Level 1.7 Spellcasting
 - Level 2.4 Hexes


You had 7 spell levels left.
You didn't know any spells.
Your spell library contained the following spells:

 Spells                   Type           Power      Damage    Failure   Level
 Ensorcelled Hibernation  Hex/Ice        6%         N/A       100%        2
 Confusing Touch          Hex            5%         N/A       100%        3
 Dazzling Flash           Conj/Hex       6%         N/A       100%        3
 Tukima's Dance           Hex            Unusable   N/A       N/A         3

Inventory:

Hand Weapons
 m - a +0 flail
 Y - a +0 hand axe (weapon)
Armour
 c - a +1 cloak (worn)
 f - a +0 chain mail (worn)
Scrolls
 h - a scroll of identify
Potions
 a - a potion of curing
 d - a potion of mutation {unknown}
 g - a potion of resistance {unknown}
 j - a potion of heal wounds {unknown}
 n - a potion of attraction {unknown}

Dungeon Overview and Level Annotations

Branches:
Dungeon (5/15)
 Temple: D:4-7

Altars:
Dithmenos
Okawaru
Qazlal
Xom

Portals:
Abyss: D:3

Annotations:
D:3 2 transporters, qw's ghost, amateur MiFi


Message History

The orc barely misses you.
The orc wizard points at you and mumbles some strange words.
The puff of flame hits you but does no damage.
You hit the orc wizard.
You kill the orc wizard!
Okawaru accepts your kill.
You miss something. You barely miss the orc. x2
The orc hits you with a +0 short sword. The orc hits you but does no damage.
Something hits you.
You hit the orc but do no damage.
The orc is severely wounded.
You barely miss something. You hit the orc.
You kill the orc!
Okawaru accepts your kill. The orc barely misses you.
Something hits you but does no damage.
You hit the orc but do no damage.
The orc is severely wounded.
You barely miss something. The orc hits you but does no damage.
You hear some strange, mumbled words.
A magic dart appears from out of thin air!
The magic dart hits you but does no damage.
You closely miss the orc.
The orc is severely wounded.
You barely miss something. The orc hits you with a +0 short sword.
Something hits you.
You hit the orc but do no damage.
The orc is severely wounded.
You hit something. The orc hits you but does no damage.
Something completely misses you.
You hit the orc but do no damage.
The orc is severely wounded.
You closely miss something. The orc barely misses you. Something hits you.
The orc barely misses you. Something hits you but does no damage.
You hit the orc.
The orc is almost dead.
You closely miss something. The orc hits you with a +0 short sword.
You die...

###. #### .#.
.... .... ...
..... ..# ..>
#..##.###.#.#
#...........#
#....# #....#
#....# #@)..#
......{o)......
#.###.#....#.##
........#.#
........## .
........#.# ..
.### ...#.#
....#.#


You could see an orc.

Vanquished Creatures
  A hound (D:4)
  An orc wizard (D:5)
  A gnoll (D:1)
  3 adders
  3 worms
  A dart slug (D:1)
  An orc (D:5)
  8 ball pythons
  5 endoplasms
  A giant cockroach (D:4)
  15 goblins
  8 hobgoblins
  6 jackals
  2 quokkas
  10 bats
  4 frilled lizards
  6 kobolds
  2 rats
78 creatures vanquished.

Vanquished Creatures (others)
  8 plants (D:1)
8 creatures vanquished.

Grand Total: 86 creatures vanquished

Notes
Turn   | Place    | Note
-------+----------+-------------------------------------------
     0 | D:1      | qw the Ghoul Enchanter began the quest for the Orb.
     0 | D:1      | Reached XP level 1. HP: 14/14 MP: 2/2
     0 | D:1      | 0 ||| qw: Version: 0.1-a-107-g9ff403c
     0 | D:1      | 0 ||| qw: Game counter: 6100
     0 | D:1      | 0 ||| qw: Always use a shield: true
     0 | D:1      | 0 ||| qw: God list: Okawaru
     0 | D:1      | 0 ||| qw: Allow faded altars: false
     0 | D:1      | 0 ||| qw: Do Orc after D:15 true
     0 | D:1      | 0 ||| qw: Do second Lair branch before Depths: true
     0 | D:1      | 0 ||| qw: Lair rune preference: random
     0 | D:1      | 0 ||| qw: Plans: Normal
     0 | D:1      | 0 ||| PLANNING D:1-11
   144 | D:1      | 144 ||| Stepping ~*~*~tactically~*~*~ (stealth).
   145 | D:1      | 145 ||| Stepping ~*~*~tactically~*~*~ (stealth).
   242 | D:1      | Reached skill level 1 in Axes
   501 | D:1      | 501 ||| Stepping ~*~*~tactically~*~*~ (stealth).
   502 | D:1      | 502 ||| Stepping ~*~*~tactically~*~*~ (stealth).
   505 | D:1      | Reached XP level 2. HP: 20/22 MP: 3/3
   530 | D:1      | Reached skill level 1 in Fighting
   647 | D:1      | 647 ||| SWAPPING to +0 spear.
   648 | D:1      | 648 ||| DROPPING +1 dagger.
   747 | D:1      | 747 ||| Stepping ~*~*~tactically~*~*~ (hiding).
   849 | D:1      | 849 ||| Stepping ~*~*~tactically~*~*~ (hiding).
   951 | D:1      | 951 ||| Stepping ~*~*~tactically~*~*~ (hiding).
  1053 | D:1      | 1053 ||| Stepping ~*~*~tactically~*~*~ (hiding).
  1155 | D:1      | 1155 ||| Stepping ~*~*~tactically~*~*~ (hiding).
  1257 | D:1      | 1257 ||| Stepping ~*~*~tactically~*~*~ (hiding).
  1359 | D:1      | 1359 ||| Stepping ~*~*~tactically~*~*~ (hiding).
  1461 | D:1      | 1461 ||| Stepping ~*~*~tactically~*~*~ (hiding).
  1563 | D:1      | 1563 ||| Stepping ~*~*~tactically~*~*~ (hiding).
  1568 | D:1      | 1568 ||| Stepping ~*~*~tactically~*~*~ (hiding).
  1846 | D:1      | 1846 ||| SWAPPING to +1 whip of pain.
  1847 | D:1      | 1847 ||| DROPPING +0 spear.
  1939 | D:1      | Found a faded altar of an unknown god.
  2044 | D:1      | 2044 ||| Stepping ~*~*~tactically~*~*~ (outnumbered).
  2045 | D:1      | 2045 ||| Stepping ~*~*~tactically~*~*~ (outnumbered).
  2046 | D:1      | 2046 ||| Stepping ~*~*~tactically~*~*~ (outnumbered).
  2048 | D:1      | 2048 ||| Stepping ~*~*~tactically~*~*~ (stealth).
  2054 | D:1      | HP: 4/23 [gnoll/+0 flail (5)]
  2056 | D:1      | Reached XP level 3. HP: 5/28 MP: 4/4
  2113 | D:1      | HP: 7/28 [frozen (2)]
  2313 | D:1      | 2313 ||| SWAPPING to +0 long sword.
  2314 | D:1      | 2314 ||| DROPPING +1 whip of pain.
  2357 | D:1      | 2357 ||| SWAPPING to +0 hand axe.
  2358 | D:1      | 2358 ||| DROPPING +0 long sword.
  2465 | D:1      | 2465 ||| UPGRADING to +0 ring mail.
  2475 | D:1      | 2475 ||| DROPPING +0 robe.
  2476 | D:1      | 2476 ||| READING scroll labelled FAUGI OTHROF.
  2480 | D:1      | 2480 ||| READING scroll labelled ROETAG NEXZIY.
  2481 | D:1      | 2481 ||| READING 2 scrolls labelled FATZIGR HOJUTA.
  2482 | D:1      | 2482 ||| READING scroll labelled LETHAJ YZOELUI.
  2483 | D:1      | 2483 ||| READING scroll labelled WOCHOXK QYEPS.
  2484 | D:1      | 2484 ||| DROPPING 2 potions of invisibility.
  2502 | D:2      | 2502 ||| STAIRDANCE
  2545 | D:2      | 2545 ||| STAIRDANCE
  2654 | D:2      | 2654 ||| STAIRDANCE
  2823 | D:2      | 2823 ||| Stepping ~*~*~tactically~*~*~ (stealth).
  2870 | D:2      | 2870 ||| Stepping ~*~*~tactically~*~*~ (stealth).
  2889 | D:2      | Reached XP level 4. HP: 31/36 MP: 5/5
  2979 | D:2      | 2979 ||| Stepping ~*~*~tactically~*~*~ (stealth).
  3122 | D:2      | 3122 ||| Stepping ~*~*~tactically~*~*~ (stealth).
  3404 | D:2      | 3404 ||| READING scroll labelled ZUG FUYCZUO.
  3434 | D:3      | Found a transporter.
  3531 | D:3      | Found a shimmering altar of Xom.
  3537 | D:3      | Found a stormy altar of Qazlal.
  3644 | D:3      | Reached skill level 3 in Axes
  3710 | D:3      | Found a transporter.
  3719 | D:3      | Found a one-way gate to the infinite horrors of the Abyss.
  3722 | D:3      | Noticed qw's ghost (amateur MiFi)
  3780 | D:3      | 3780 ||| Stepping ~*~*~tactically~*~*~ (stealth).
  3797 | D:3      | Found an iron altar of Okawaru.
  3803 | D:3      | Became a worshipper of Warmaster Okawaru
  3817 | D:3      | 3817 ||| Stepping ~*~*~tactically~*~*~ (stealth).
  3818 | D:3      | 3818 ||| Stepping ~*~*~tactically~*~*~ (stealth).
  3821 | D:3      | 3821 ||| Stepping ~*~*~tactically~*~*~ (stealth).
  4229 | D:3      | 4229 ||| Stepping ~*~*~tactically~*~*~ (stealth).
  4230 | D:3      | 4230 ||| Stepping ~*~*~tactically~*~*~ (stealth).
  4244 | D:3      | HP: 9/36 [worm (10)]
  4245 | D:3      | 4245 ||| READING scroll of teleportation.
  4533 | D:3      | 4533 ||| Stepping ~*~*~tactically~*~*~ (stealth).
  4543 | D:3      | 4543 ||| Stepping ~*~*~tactically~*~*~ (stealth).
  4738 | D:3      | 4738 ||| Stepping ~*~*~tactically~*~*~ (stealth).
  4739 | D:3      | 4739 ||| Stepping ~*~*~tactically~*~*~ (stealth).
  4757 | D:3      | 4757 ||| UPGRADING to +1 cloak.
  4762 | D:3      | 4762 ||| UPGRADING to +0 chain mail.
  4776 | D:3      | 4776 ||| DROPPING +0 ring mail.
  4777 | D:3      | 4777 ||| READING scroll labelled ASIOLU ROETE.
  4778 | D:3      | 4778 ||| READING scroll labelled GIWAWN BUARPHA.
  4779 | D:3      | 4779 ||| READING 3 scrolls of identify.
  4779 | D:3      | 4779 ||| IDENTIFYING yellow potion
  4780 | D:3      | 4780 ||| READING 2 scrolls of identify.
  4780 | D:3      | 4780 ||| IDENTIFYING smoky green potion
  4781 | D:3      | 4781 ||| DROPPING potion of degeneration.
  4821 | D:4      | Identified the +3 leather armour of the Butcher {rC- Str+2
                  | Dex+6}
  4864 | D:4      | Reached XP level 5. HP: 41/41 MP: 6/6
  5264 | D:4      | Reached skill level 1 in Armour
  5445 | D:4      | 5445 ||| Stepping ~*~*~tactically~*~*~ (stealth).
  5453 | D:4      | 5453 ||| Stepping ~*~*~tactically~*~*~ (stealth).
  5454 | D:4      | 5454 ||| Stepping ~*~*~tactically~*~*~ (stealth).
  5483 | D:4      | Found a shadowy altar of Dithmenos.
  5996 | D:5      | Entered Level 5 of the Dungeon
  6014 | D:5      | HP: 9/41 [iguana (5)]
  6015 | D:5      | 6015 ||| READING 2 scrolls of teleportation.
  6019 | D:5      | 6019 ||| Stepping ~*~*~tactically~*~*~ (stealth).
  6020 | D:5      | 6020 ||| READING scroll of teleportation.
  6021 | D:5      | 6021 ||| Stepping ~*~*~tactically~*~*~ (stealth).
  6022 | D:5      | 6022 ||| Stepping ~*~*~tactically~*~*~ (stealth).
  6124 | D:5      | 6124 ||| Invisible monster not found???
  6179 | D:5      | 6179 ||| Stepping ~*~*~tactically~*~*~ (stealth).
  6185 | D:5      | 6185 ||| Stepping ~*~*~tactically~*~*~ (stealth).
  6198 | D:5      | HP: 8/41 [something (3)]
  6203 | D:5      | HP: 3/41 [something (2)]
  6204 | D:5      | Slain by an orc

Levels and vault maps discovered:
D:1:      matt_arrival_los_fun, layout_basic,
          shapermc_ecumenical_altar_totnotflames, nicolae_grassy_gnolls
D:2:      cheibrodos_greedy_goblins, layout_rooms
D:3:      layout_loops_ring, okawaru_ov_weapons_minmay,
          nicolae_overflow_hidden_temple, gammafunk_ghost_abyssal_escape,
          minivault_27
D:4:      layout_basic, mainiacjoe_overflow_small_starburst, lemuel_doored_altar
D:5:      layout_basic, dk_yredelemnul_ordeal

Skill      XL: |  1  2  3  4  5 |
---------------+----------------+-----
Axes           | 1 2 3 |  3.7
Fighting       | 1 2 |  2.1
Armour         | 1 |  1.6
Short Blades   | |  0.8
Dodging        | |  1.7
Stealth        | |  3.2
Spellcasting   | |  1.7
Hexes          | |  2.4

Action                   |  1- 3 |  4- 6 || total
-------------------------+-------+-------++-------
Melee: Dagger            |    52 |       ||    52
       Punch             |     3 |     2 ||     5
       Spear             |    25 |       ||    25
       Whip              |    28 |       ||    28
       Hand axe          |    45 |   244 ||   289
  Use: Scroll            |     5 |     8 ||    13
 Stab: Distracted        |     1 |       ||     1
Armor: Robe              |    19 |       ||    19
       Ring mail         |    24 |    51 ||    75
       Chain mail        |       |    67 ||    67
Dodge: Dodged            |   100 |   110 ||   210

Table legend:
 A = Non-vault XP
 B = Vault XP
 C = Vault XP percentage of total XP
 D = Non-vault monster count
 E = Vault monster count
 F = Vault count percentage of total count
                 A         B        C        D         E       F
            +---------+---------+-------+---------+---------+-------
      Total |     237 |      30 |  11.2 |      69 |       9 |  11.5
            +---------+---------+-------+---------+---------+-------
        D:1 |      45 |      14 |  23.7 |      25 |       1 |   3.8
        D:2 |      33 |      16 |  32.7 |      13 |       8 |  38.1
        D:3 |      52 |       0 |   0.0 |      14 |       0 |   0.0
        D:4 |      69 |       0 |   0.0 |      15 |       0 |   0.0
        D:5 |      38 |       0 |   0.0 |       2 |       0 |   0.0
            +---------+---------+-------+---------+---------+-------
